 Dungeon Crawl Stone Soup version 0.29-a0-9-g022ca4c890 (webtiles) character file.

Game seed: 6559088993163428450

150 Destapler the Covered (level 5, -5/47 HPs)
             Began as a Minotaur Fighter on Jan 28, 2022.
             Was a Believer of Cheibriados.
             Splashed by a jelly's acid (7 damage)
             ... on level 3 of the Dungeon.
             The game lasted 00:02:58 (2816 turns).

Destapler the Covered (Minotaur Fighter)            Turns: 2816, Time: 00:02:59

Health: -5/47      AC:  7    Str: 27    XL:     5   Next: 10%
Magic:  4/4        EV:  9    Int:  9    God:    Cheibriados [**....]
Gold:   114        SH:  5    Dex: 13    Spells: 4/4 levels left

rFire   . . .      SeeInvis .   a - +0 war axe
rCold   . . .      Faith    .   c - +0 buckler
rNeg    . . .      Spirit   .   b - +0 scale mail
rPois   .          Reflect  .   (helmet restricted)
rElec   .          Harm     .   (no cloak)
rCorr   .          Rampage  .   (no gloves)
Will    .....                   (no boots)
Stlth   ..........              (no amulet)
HPRegen 0.15/turn               (no ring)
MPRegen 0.09/turn               (no ring)

@: very slow
A: horns 2, retaliatory headbutt
a: Renounce Religion, Bend Time


You were on level 3 of the Dungeon.
You worshipped Cheibriados.
Cheibriados was pleased with you.
You visited 1 branch of the dungeon, and saw 4 of its levels.

You collected 114 gold pieces.

Inventory:

Hand Weapons
 a - a +0 war axe (weapon)
Armour
 b - a +0 scale mail (worn)
 c - a +0 buckler (worn)
Jewellery
 f - a ring of fire
Wands
 j - a wand of digging (3)
Scrolls
 e - a scroll of enchant armour {unknown}
 i - 3 scrolls of identify {unknown}
 k - a scroll of teleportation {unknown}
Potions
 d - a potion of might
 g - a potion of attraction {unknown}
 h - 2 potions of curing {unknown}
 l - a potion of berserk rage {unknown}


   Skills:
 + Level 4.7 Fighting
 + Level 3.8 Axes
 + Level 4.7 Armour
 + Level 4.6 Shields


You had 4 spell levels left.
You didn't know any spells.
Your spell library was empty.

Dungeon Overview and Level Annotations

Branches:
Dungeon (4/15)
 Temple: D:4-7

Altars:
Cheibriados


Innate Abilities, Weirdness & Mutations

You have a pair of horns on your head.
You reflexively headbutt those who attack you in melee.


Message History

The adder is almost dead.
The adder bites you.
You closely miss the adder.
The adder is almost dead.
The adder barely misses you. The adder bites you.
You completely miss the adder. Your headbutt misses the adder.
The adder is almost dead.
The adder bites you but does no damage. x2
You slash the adder!
You kill the adder!
Cheibriados thoroughly appreciates the change of pace.
No target in view!
You climb downwards.
The jelly hits you.
You are splashed with acid!
The water moccasin skeleton bites you. The jelly hits you but does no damage.
There is a stone staircase leading up here.
You barely miss the water moccasin skeleton.
The water moccasin skeleton is severely damaged.
You barely miss the jelly.
The water moccasin skeleton bites you but does no damage.
The jelly barely misses you. The water moccasin skeleton bites you.
The jelly hits you but does no damage. The water moccasin skeleton bites you.
You climb upwards.
There is a stone staircase leading down here.
You slash the jelly!
Your hands burn!
The jelly is almost dead.
The jelly hits you.
You are splashed with acid!
* * * LOW HITPOINT WARNING * * *
The jelly hits you but does no damage.
You are too injured to fight recklessly!
You are too injured to fight recklessly!
You are too injured to fight recklessly!
The jelly barely misses you. The jelly hits you.
* * * LOW HITPOINT WARNING * * *
You are splashed with acid!
* * * LOW HITPOINT WARNING * * *
The jelly hits you.
* * * LOW HITPOINT WARNING * * *
You are splashed with acid!
You die...

#.#.........#>#######.######
#.#.##.####.#.# #.#
#.#.##.#....#.# #.#
######....#.#.#..#.# #.#
........#.#.#.#..#.# #)#
######..#.#........# #.#
........#.....#..### #.#
.###.#######..#.J# #.#
.###....#....##.@# #.#
........#........#########.##
........#[)####.............#
..###....).# ##.#########..#
..###..#.#)# #....†........#
...##..#)#)####..##########.#
...##..#.........# #.#
...##.>...)......# #.#
#.###.#########..# ######.#


You could see a jelly.

Vanquished Creatures
  2 orc wizards (D:3)
  4 adders
  A dart slug (D:2)
  4 orcs (D:3)
  3 bats
  7 endoplasms
  3 giant cockroaches
  6 hobgoblins
  7 jackals
  4 quokkas
  A ball python (D:1)
  5 frilled lizards
  3 goblins
  2 kobolds (D:2)
  4 rats
56 creatures vanquished.

Notes
Turn   | Place    | Note
-------+----------+-------------------------------------------
     0 | D:1      | Destapler the Minotaur Fighter began the quest for the Orb.
     0 | D:1      | Reached XP level 1. HP: 19/19 MP: 0/0
   274 | D:1      | Reached XP level 2. HP: 20/27 MP: 1/1
   923 | D:2      | Found a faded altar of an unknown god.
  1028 | D:2      | Reached XP level 3. HP: 33/33 MP: 2/2
  1573 | D:2      | Prayed at the altar of an unknown god.
  1573 | D:2      | Became a worshipper of Cheibriados the Contemplative
  1573 | D:2      | Reached * piety under Cheibriados
  1659 | D:3      | Reached XP level 4. HP: 6/40 MP: 3/3
  1809 | D:3      | Reached ** piety under Cheibriados
  2267 | D:3      | Reached XP level 5. HP: 43/47 MP: 4/4
  2816 | D:3      | HP: 2/47 [jelly (2)]
  2816 | D:3      | Splashed by a jelly's acid

Illustrated notes

Levels and vault maps discovered:
D:1:      eino_arrival_water_cross, layout_basic, lemuel_old_faithful
D:2:      layout_loops_ring, shapermc_ecumenical_altar_totnotflames
D:3:      layout_loops_ring, grunt_decor_mini_mirrors
D:4:      layout_rooms, hangedman_abyss_or_decor_passed, guppyfry_early_orc_mine

Skill      XL: |  1  2 |
---------------+-------+-----
Armour         | 4 |  4.7
Fighting       | 4 |  4.7
Shields        | 4 |  4.6
Axes           | 3 |  3.8

Action                   |  1- 3 |  4- 6 || total
-------------------------+-------+-------++-------
Melee: War axe           |    84 |    47 ||   131
       Headbutt          |    17 |     1 ||    18
  Use: Potion            |     1 |       ||     1
Armor: Scale mail        |    43 |    31 ||    74
Dodge: Dodged            |    37 |    20 ||    57
Block: Buckler           |    12 |    18 ||    30

Table legend: (Time is in decaauts)
 A = Elapsed time spent in this place.
 B = Non-inter-level travel time spent in this place.
 C = Inter-level travel time spent in this place.
 D = Time resting spent in this place.
 E = Time spent auto-exploring this place.
 F = Levels seen in this place.
 G = Mean time per level.
                   A        B        C        D        E       F      G
               +--------+--------+--------+--------+--------+-----+--------+
         Total |   3178 |   3072 |    106 |    362 |   2315 |   4 |  794.5 |
       Dungeon |   3178 |   3072 |    106 |    362 |   2315 |   4 |  794.5 |
               +--------+--------+--------+--------+--------+-----+--------+

Top non-repeatable levels by time:
     D:3: 1546 daAuts
     D:1: 850 daAuts
     D:2: 771 daAuts
     D:4: 9 daAuts
